 Dungeon Crawl Stone Soup version 0.31-a0-549-gf98fd537a9 (webtiles) character file.

Game seed: 17353957221328436566

163 AdnanSaban the Trooper (level 5, -2/33 HPs)
             Began as a Gargoyle Fighter on Aug 16, 2023.
             Was an Initiate of Okawaru.
             Slain by an orc
             ... wielding a +0 mace
              (4 damage)
             ... on level 4 of the Dungeon.
             The game lasted 00:02:11 (2671 turns).

AdnanSaban the Trooper (Gargoyle Fighter)           Turns: 2671, Time: 00:02:12

Health: -2/33      AC: 15    Str: 22    XL:     5   Next: 44%
Magic:  0/5        EV:  9    Int:  8    God:    Okawaru [......]
Gold:   161        SH:  4    Dex:  9    Spells: 4/4 levels left

rFire   . . .        s - +3 flail
rCold   . . .        c - +0 buckler
rNeg    + . .        b - +0 scale mail
rPois   ∞            (no helmet)
rElec   +            (no cloak)
rCorr   .            h - +0 pair of gloves
SInv    .            r - +2 pair of boots
Will    .....        p - amulet of guardian spirit Stlth
                     (no ring)
HPRegen 0.25/turn    (no ring)
MPRegen 0.09/turn

%: guardian spirit
@: no status effects
A: sickness immunity, AC +4, negative energy resistance 1, electricity
resistance, torment resistance 1, petrification resistance
a: Renounce Religion


You were on level 4 of the Dungeon.
You worshipped Okawaru.
Okawaru was noncommittal.
You visited 1 branch of the dungeon, and saw 4 of its levels.

You collected 161 gold pieces.

Inventory:

Hand Weapons
 s - a +3 flail (weapon)
Armour
 b - a +0 scale mail (worn)
 c - a +0 buckler (worn)
 h - a +0 pair of gloves (worn)
 r - a +2 pair of boots (worn)
Jewellery
 p - an amulet of guardian spirit (around neck)
Scrolls
 e - a scroll of enchant armour {unknown}
 f - 5 scrolls of teleportation {unknown}
 g - a scroll of fear {unknown}
 i - 2 scrolls of immolation {unknown}
 j - 5 scrolls of identify {unknown}
 l - a scroll of vulnerability {unknown}
 m - a scroll of amnesia {unknown}
 n - 2 scrolls of enchant weapon {unknown}
Potions
 d - a potion of might
 k - 3 potions of curing {unknown}
 o - a potion of berserk rage {unknown}
 q - a potion of heal wounds {unknown}


   Skills:
 + Level 4.1 Fighting
 + Level 3.5 Maces & Flails
 + Level 4.1 Armour
 + Level 0.5 Dodging
 + Level 1.0 Stealth
 + Level 4.0 Shields


You had 4 spell levels left.
You didn't know any spells.
Your spell library was empty.

Dungeon Overview and Level Annotations

Branches:
Dungeon (4/15)
 Temple: D:4-7

Altars:
Okawaru


Innate Abilities, Weirdness & Mutations

You are immune to sickness and miasma.
Your stone body is resilient. (AC +4)
You are immune to poison.
You resist negative energy. (rN+)
You are resistant to electric shocks. (rElec)
You are resistant to unholy torment.
You are immune to petrification.


Message History

You kill the orc!
Okawaru accepts your kill.
The orc priest calls down the wrath of Beogh upon you.
Beogh smites you!
You barely miss the orc. The orc hits you but does no damage.
You closely miss the orc. You barely miss the orc. You block the orc's attack.
You barely miss the orc. You block the giant cockroach's attack.
The orc barely misses you. The orc hits you but does no damage.
The giant cockroach bites you.
You closely miss the orc priest. The orc priest closely misses you.
The orc hits you but does no damage. You block the orc's attack.
The giant cockroach barely misses you.
You hit the orc priest but do no damage.
The orc hits you with a +0 flail.
The orc priest hits you but does no damage.
The orc completely misses you. The giant cockroach barely misses you.
The orc barely misses you. You block the orc's attack.
The orc priest hits you but does no damage.
The giant cockroach bites you but does no damage.
You thump the orc priest!
The orc priest is severely wounded.
You block the giant cockroach's attack.
The orc priest invokes the aid of Beogh against you.
Beogh smites you!
* * * LOW HITPOINT WARNING * * *
The orc hits you but does no damage. You block the orc's attack.
You closely miss the orc priest.
The orc priest is severely wounded.
The giant cockroach bites you but does no damage.
The orc priest invokes the aid of Beogh against you.
Pain shoots through your body!
* * * LOW HITPOINT WARNING * * *
The orc barely misses you. The orc closely misses you.
You barely miss the orc priest.
The orc priest is severely wounded.
You block the giant cockroach's attack. The orc priest hits you with a +0 club.
* * * LOW HITPOINT WARNING * * *
The orc hits you but does no damage. The orc hits you with a +0 mace.
You die...

. ... #####
.....##o.>#####
......o@......###
..[...oB........#
.....!.........##
.#.#..........##
#.........##.#
##.......##.##
#...###..#...#####
............#..#.##
.............#..#


You could see an orc priest, 2 orcs and a giant cockroach.

Vanquished Creatures
  A hound (D:3)
  An orc wizard (D:3)
  4 gnolls
  A worm (D:3)
  2 dart slugs (D:1)
  5 orcs
  3 bats
  5 endoplasms
  3 giant cockroaches (D:3)
  6 goblins
  7 hobgoblins
  4 jackals (D:2)
  A quokka (D:1)
  A ball python (D:2)
  3 frilled lizards
  4 kobolds
  7 rats
58 creatures vanquished.

Notes
Turn   | Place    | Note
-------+----------+-------------------------------------------
     0 | D:1      | AdnanSaban the Gargoyle Fighter began the quest for the
                  | Orb.
     0 | D:1      | Reached XP level 1. HP: 14/14 MP: 1/1
   119 | D:1      | Reached XP level 2. HP: 18/19 MP: 2/2
   850 | D:2      | Reached XP level 3. HP: 24/24 MP: 3/3
  1080 | D:2      | You fall into a shaft and drop 2 floors!
  1246 | D:3      | Found an iron altar of Okawaru.
  1259 | D:3      | Reached XP level 4. HP: 29/29 MP: 4/4
  1264 | D:3      | Became a worshipper of Warmaster Okawaru
  1794 | D:3      | Reached XP level 5. HP: 29/33 MP: 5/5
  2566 | D:3      | Reached skill level 1 in Stealth
  2671 | D:4      | Slain by an orc

Illustrated notes

Levels and vault maps discovered:
D:1:      dpeg_arrival_erosion, layout_basic
D:2:      layout_basic
D:3:      layout_basic, okawaru_trees_2
D:4:      layout_cave_pools, mainiacjoe_overflow_alcove_2, jmf_multi_god_temple,
          minmay_temple_entry_wispy, amcnicky_mini_rare_corridor_liquid

Skill      XL: |  1  2  3  4  5 |
---------------+----------------+-----
Maces & Flails | 3 |  3.5
Fighting       | 4 |  4.1
Armour         | 4 |  4.1
Stealth        | 1 |  1.0
Shields        | 4 |  4.0
Dodging        | |  0.5

Action                     |  1- 3 |  4- 6 || total
---------------------------+-------+-------++-------
  Melee: Flail             |    90 |    79 ||   169
 Armour: Scale mail        |    54 |    63 ||   117
  Dodge: Dodged            |    46 |    33 ||    79
  Block: Buckler           |    28 |    24 ||    52

Table legend: (Time is in decaauts)
 A = Elapsed time spent in this place.
 B = Non-inter-level travel time spent in this place.
 C = Inter-level travel time spent in this place.
 D = Time resting spent in this place.
 E = Time spent auto-exploring this place.
 F = Levels seen in this place.
 G = Mean time per level.
                   A        B        C        D        E       F      G
               +--------+--------+--------+--------+--------+-----+--------+
         Total |   2722 |   2643 |     79 |      0 |   2180 |   4 |  680.5 |
       Dungeon |   2722 |   2643 |     79 |      0 |   2180 |   4 |  680.5 |
               +--------+--------+--------+--------+--------+-----+--------+

Top non-repeatable levels by time:
     D:3: 1216 daAuts
     D:1: 844 daAuts
     D:2: 519 daAuts
     D:4: 142 daAuts
